 Dungeon Crawl Stone Soup version 0.25.0-9-g26727b657a (webtiles) character file.

Game seed: 5844779875161508865

36384 Chiseanne the Spear-Bearer (level 13, -4/101 HPs)
             Began as a Gnoll Wanderer on June 18, 2020.
             Was an Initiate of Gozag.
             Killed from afar by Jorgrun (23 damage)
             ... with an iron shot
             ... on level 14 of the Dungeon on June 19, 2020.
             The game lasted 00:42:44 (17926 turns).

Chiseanne the Spear-Bearer (Gnoll Wanderer)        Turns: 17926, Time: 00:42:44

Health: -4/101     AC: 19    Str: 21    XL:     13   Next: 89%
Magic:  25/25      EV: 17    Int: 16    God:    Gozag
Gold:   585        SH: 20    Dex: 23    Spells: 21/29 levels left

rFire    + . .     SeeInvis +   a - +2 broad axe (vamp)
rCold    . . .     Gourm    .   N - +3 kite shield {rPois}
rNeg     . . .     Faith    .   t - +1 ring mail {rC+}
rPois    +         Spirit   .   p - +2 helmet {Int+3}
rElec    +         Reflect  +   l - +1 cloak
rCorr    .         Harm     .   r - +2 pair of gloves
MR       .....                  w - +1 pair of boots {Stlth+}
Stlth    +++++.....             y - amulet of reflection
HPRegen  0.26/turn              H - ring of see invisible
MPRegen  0.19/turn              i - ring "Amehuc" {Fire rElec rPois Str+4 Dex+4}

@: about to teleport, lightly drained
A: distributed training, fangs 1, strong nose
a: Potion Petition, Call Merchant, Bribe Branch, Renounce Religion


You were on level 14 of the Dungeon.
You worshipped Gozag.
Gozag was pleased with you.
You were not hungry.

You visited 2 branches of the dungeon, and saw 15 of its levels.

You collected 3715 gold pieces.
You spent 1770 gold pieces at shops.
You paid 1360 gold pieces to Gozag.

Inventory:

Hand Weapons
 a - a +2 vampiric broad axe (weapon)
 s - a +0 falchion of protection
 E - a +1 vorpal scimitar
 I - a +2 falchion of flaming
 K - a +1 trident of holy wrath
 L - a +1 flail of protection
 M - a +0 hand axe of flaming
Missiles
 h - 53 poisoned darts (quivered)
 k - 72 sling bullets
 x - 85 bolts
 F - 28 boomerangs
Armour
 l - a +1 cloak (worn)
 p - a +2 helmet of intelligence (worn)
 r - a +2 pair of gloves (worn)
 t - a +1 ring mail of cold resistance (worn)
 w - a +1 pair of boots of stealth (worn)
 z - a +1 scale mail of poison resistance
 N - a +3 kite shield of poison resistance (worn)
Jewellery
 d - an uncursed amulet of regeneration
 i - the ring "Amehuc" (right hand) {Fire rElec rPois Str+4 Dex+4}
   (You bought it in a shop on level 7 of the Dungeon)

   [ring of fire]

   It enhances your fire magic.
   It affects your strength (+4).
   It affects your dexterity (+4).
   It protects you from fire.
   It makes you vulnerable to cold.
   It insulates you from electricity.
   It protects you from poison.
 q - an uncursed ring of ice
 y - an amulet of reflection (around neck)
 H - a ring of see invisible (left hand)
Wands
 A - a wand of polymorph (5)
 C - a wand of flame (30)
Scrolls
 e - 11 scrolls of remove curse
 o - 2 scrolls of amnesia
 u - 5 scrolls of teleportation
Potions
 b - 2 potions of stabbing
 c - a potion of heal wounds
 j - a potion of ambrosia
 m - a potion of lignification
 n - 2 potions of cancellation
 v - 3 potions of curing
 B - a potion of resistance
 D - 2 potions of might
 G - a potion of flight
Comestibles
 f - 11 rations


   Skills:
 + Level 9.1(8.9) Fighting
 + Level 8.7(8.4) Short Blades
 + Level 8.7(8.4) Long Blades
 + Level 8.7(8.4) Axes
 + Level 8.7(8.4) Maces & Flails
 + Level 10.8(10.5) Polearms
 + Level 8.7(8.4) Staves
 + Level 8.7(8.4) Slings
 + Level 8.7(8.4) Bows
 + Level 8.7(8.4) Crossbows
 + Level 8.7(8.4) Throwing
 + Level 8.7(8.4) Armour
 + Level 8.7(8.4) Dodging
 + Level 9.1(8.8) Stealth
 + Level 8.7(8.4) Shields
 + Level 8.7(8.4) Unarmed Combat
 + Level 8.7(8.4) Spellcasting
 + Level 9.2(8.9) Conjurations
 + Level 7.2(7.0) Hexes
 + Level 7.2(7.0) Charms
 + Level 7.2(7.0) Summonings
 + Level 7.2(7.0) Necromancy
 + Level 7.2(7.0) Translocations
 + Level 7.2(7.0) Transmutations
 + Level 7.2(7.0) Fire Magic
 + Level 7.2(7.0) Ice Magic
 + Level 7.2(7.0) Air Magic
 + Level 7.2(7.0) Earth Magic
 + Level 7.2(7.0) Poison Magic
 + Level 9.5(9.2) Invocations
 + Level 9.8(9.6) Evocations


You had 21 spell levels left.
You knew the following spells:

 Your Spells              Type           Power        Failure   Level  Hunger
a - Shock                 Conj/Air       ####         1%          1    None
b - Blink                 Tloc           N/A          3%          2    None
c - Slow                  Hex            ####....     3%          2    None
d - Mephitic Cloud        Conj/Pois/Air  ####....     4%          3    #......

Your spell library contained the following spells:

 Spells                   Type           Power        Failure   Level  Hunger
 Magic Dart               Conj           ####         1%          1    None
 Animate Skeleton         Necr           N/A          2%          1    None
 Apportation              Tloc           ####..       2%          1    None
 Beastly Appendage        Tmut           ####..       2%          1    None
 Corona                   Hex            ####...      2%          1    None
 Freeze                   Ice            ####         2%          1    None
 Summon Small Mammal      Summ           ####         2%          1    None
 Call Imp                 Summ           ####....     3%          2    None
 Sticks to Snakes         Tmut           ####....     3%          2    None
 Conjure Flame            Conj/Fire      #####...     4%          3    #......
 Confusing Touch          Hex            ####....     6%          3    #......
 Frozen Ramparts          Ice            ####..       6%          3    #......
 Gell's Gravitas          Tloc           ####......   6%          3    #......
 Ozocubu's Armour         Chrm/Ice       ####....     6%          3    #......
 Spider Form              Tmut/Pois      ####......   6%          3    #......
 Hailstorm                Conj/Ice       ####....     14%         4    ###....
 Ice Form                 Ice/Tmut       ####....     22%         4    ###....
 Petrify                  Tmut/Erth      ####....     22%         4    ###....
 Summon Ice Beast         Ice/Summ       ####....     22%         4    ###....
 Blade Hands              Tmut           ####......   52%         5    #####..
 Metabolic Englaciation   Hex/Ice        ####......   52%         5    #####..
 Yara's Violent Unravell  Hex/Tmut       ####......   52%         5    #####..


Dungeon Overview and Level Annotations

Branches:
Dungeon (14/15)            Temple (1/1) D:4            Lair (0/6) D:11
    Orc (0/2) D:11         Vaults (0/5) D:13

Altars:
Ashenzari
Cheibriados
Dithmenos
Elyvilon
Fedhas
Gozag
Hepliaklqana
Kikubaaqudgha
Makhleb
Nemelex Xobeh
Okawaru
Qazlal
Ru
Sif Muna
Trog
Uskayaw
Vehumet
Wu Jian
Xom
Yredelemnul
Zin
The Shining One
Beogh

Shops:
D:7 =   D:8 =   D:12 [

Annotations:
D:3 1 runed translucent door, endorz's ghost, amateur MiBe
D:5 exclusion: statue
D:7 1 runed translucent door, Froggeryz's ghost, novice MiBe
D:14 Jorgrun


Innate Abilities, Weirdness & Mutations

Your experience applies equally to all skills.
You have very sharp teeth.
Your uncanny sense of smell can sniff out nearby items.


Message History

Unknown command.
The vampire mosquito barely misses you. Jorgrun casts a spell next to you.
Some rock shatters into small pieces.
You block the vampire mosquito's attack. x2
Some rock shatters into small pieces.
Jorgrun gestures next to the vampire mosquito while chanting.
You hear a grinding noise.
The vampire mosquito bites you.
* * * LOW HITPOINT WARNING * * *
The vampire mosquito draws strength from your injuries!
As you read the scroll of teleportation, it crumbles to dust.
You feel strangely unstable.
You block the vampire mosquito's attack.
The vampire mosquito bites you but does no damage.
You block the vampire mosquito's attack.
Jorgrun gestures at you while chanting. The iron shot hits you!!
You die...
Your body crumbles into a pile of gold.

#...# ###......
##..###........
#......###....
#...#### .
##..## ...#
##...## .....#
##...## .....)
##...## ......#
##..@##
.......##g#y##
.......#.#y#####
.......g.......#
.........#######
..[...$..#
......#.#.#
..... #.##.#
.... #.# #.#


You could see Jorgrun and 2 vampire mosquitoes.

Vanquished Creatures
  2 ogre magi (D:13)
  4 vault guards (D:13)
  A yaktaur captain (D:12)
  3 hydras
  A centaur warrior (D:13)
  4 two-headed ogres
  A skeletal warrior (D:12)
  An unseen horror (D:6)
  A deep elf archer (D:13)
  An orc knight (D:13)
  2 ugly things
  2 cyclopes (D:12)
  3 centaur zombies
  2 gargoyles
  Maggie (D:8)
  2 yaktaurs
  A troll (D:12)
  A hornet (D:12)
  Prince Ribbit (D:8)
  Grinder (D:6)
  A slime creature (D:12)
  3 hippogriffs
  3 shadows
  2 vampires
  34 yaks
  A wraith (D:12)
  2 basilisks
  A human (D:13)
  6 hungry ghosts
  A hog (D:12)
  Menkaure (D:6)
  3 vampire mosquitoes
  2 acid dragons (D:13)
  2 water moccasins
  Duvessa (D:3)
  5 porcupines (D:11)
  6 ice beasts
  3 black bears
  9 orc warriors
  4 sky beasts
  5 phantoms
  8 ogres
  A necrophage (D:7)
  6 boggarts
  14 centaurs
  A crocodile (D:12)
  2 big kobolds
  11 bullfrogs
  A wyvern zombie (D:13)
  Dowan (D:3)
  2 wyvern skeletons
  4 scorpions
  12 killer bees
  8 wights
  2 howler monkeys
  9 crimson imps
  5 bullfrog zombies
  A quasit (D:14)
  7 hounds
  2 jellies
  A gnoll shaman (D:10)
  11 orc priests
  3 centaur skeletons
  2 bullfrog skeletons
  5 iguanas
  12 orc wizards
  12 worker ants
  A worker ant zombie (D:11)
  A howler monkey skeleton (D:4)
  10 adders
  13 gnolls
  A shadow imp (D:10)
  2 oozes
  An adder zombie (D:5)
  3 adder skeletons
  2 worms
  2 leopard geckos (D:3)
  38 orcs
  8 bats
  7 giant cockroaches
  12 goblins
  11 hobgoblins
  6 jackals
  A quokka (D:4)
  2 ball pythons (D:1)
  8 frilled lizards
  12 kobolds
  4 rats
  A bush (D:6)
  7 fungi (D:11)
  3 plants (D:11)
429 creatures vanquished.

Vanquished Creatures (others)
  23 fungi (D:11)
23 creatures vanquished.

Grand Total: 452 creatures vanquished

Notes
Turn   | Place    | Note
-------+----------+-------------------------------------------
     0 | D:1      | Chiseanne the Gnoll Wanderer began the quest for the Orb.
     0 | D:1      | Chiseanne set off with the following items: a +2 spear, a
                  | scroll of teleportation, a +0 robe, a ration; and the
                  | following spell memorised: Shock; and the following spells
                  | available to memorise: Mephitic Cloud
     0 | D:1      | Reached XP level 1. HP: 17/17 MP: 3/3
   117 | D:1      | Reached XP level 2. HP: 23/23 MP: 5/5
   336 | D:1      | Reached XP level 3. HP: 28/28 MP: 6/6
   722 | D:2      | Found a snail-covered altar of Cheibriados.
   776 | D:2      | Reached skill level 1 in Invocations
   946 | D:2      | Reached skill level 1 in Short Blades
   946 | D:2      | Reached skill level 1 in Long Blades
   946 | D:2      | Reached skill level 1 in Axes
   946 | D:2      | Reached skill level 1 in Maces & Flails
   946 | D:2      | Reached skill level 1 in Staves
   946 | D:2      | Reached skill level 1 in Slings
   946 | D:2      | Reached skill level 1 in Bows
   946 | D:2      | Reached skill level 1 in Crossbows
   946 | D:2      | Reached skill level 1 in Throwing
   946 | D:2      | Reached skill level 1 in Armour
   946 | D:2      | Reached skill level 1 in Dodging
   946 | D:2      | Reached skill level 1 in Shields
   946 | D:2      | Reached skill level 1 in Unarmed Combat
   946 | D:2      | Reached skill level 1 in Spellcasting
  1007 | D:2      | Reached XP level 4. HP: 34/34 MP: 7/7
  1418 | D:3      | Found a runed translucent door.
  1420 | D:3      | Found a sacrificial altar of Ru.
  1511 | D:3      | Reached skill level 1 in Hexes
  1511 | D:3      | Reached skill level 1 in Charms
  1511 | D:3      | Reached skill level 1 in Summonings
  1511 | D:3      | Reached skill level 1 in Necromancy
  1511 | D:3      | Reached skill level 1 in Translocations
  1511 | D:3      | Reached skill level 1 in Transmutations
  1511 | D:3      | Reached skill level 1 in Fire Magic
  1511 | D:3      | Reached skill level 1 in Ice Magic
  1511 | D:3      | Reached skill level 1 in Air Magic
  1511 | D:3      | Reached skill level 1 in Earth Magic
  1511 | D:3      | Reached skill level 1 in Poison Magic
  1652 | D:3      | Reached XP level 5. HP: 40/40 MP: 8/8
  1967 | D:3      | Found a basalt altar of Yredelemnul.
  2250 | D:3      | Noticed endorz's ghost (amateur MiBe)
  2417 | D:4      | Noticed a phantom
  2418 | D:4      | Noticed Duvessa
  2419 | D:4      | Noticed a phantom
  2420 | D:4      | Noticed Dowan
  2513 | D:3      | Killed a phantom
  2513 | D:3      | Reached XP level 6. HP: 35/47 MP: 9/9
  2626 | D:3      | Killed a phantom
  2626 | D:3      | Reached skill level 5 in Evocations
  2952 | D:3      | Reached XP level 7. HP: 48/52 MP: 10/10
  2971 | D:3      | Killed Duvessa
  2971 | D:3      | Reached skill level 7 in Polearms
  2992 | D:3      | Killed Dowan
  3085 | D:4      | HP: 2/52 [orc priest/divine providence (13)]
  3088 | D:4      | Found a sparkling altar of Nemelex Xobeh.
  3261 | D:4      | Reached skill level 5 in Fighting
  3261 | D:4      | Reached skill level 5 in Short Blades
  3261 | D:4      | Reached skill level 5 in Long Blades
  3261 | D:4      | Reached skill level 5 in Axes
  3261 | D:4      | Reached skill level 5 in Maces & Flails
  3261 | D:4      | Reached skill level 8 in Polearms
  3261 | D:4      | Reached skill level 5 in Staves
  3261 | D:4      | Reached skill level 5 in Slings
  3261 | D:4      | Reached skill level 5 in Bows
  3261 | D:4      | Reached skill level 5 in Crossbows
  3261 | D:4      | Reached skill level 5 in Throwing
  3261 | D:4      | Reached skill level 5 in Armour
  3261 | D:4      | Reached skill level 5 in Dodging
  3261 | D:4      | Reached skill level 5 in Stealth
  3261 | D:4      | Reached skill level 5 in Shields
  3261 | D:4      | Reached skill level 5 in Unarmed Combat
  3261 | D:4      | Reached skill level 5 in Spellcasting
  3261 | D:4      | Reached skill level 5 in Invocations
  3261 | D:4      | Reached XP level 8. HP: 64/64 MP: 10/15
  3300 | D:4      | Found a staircase to the Ecumenical Temple.
  3323 | Temple   | Entered the Ecumenical Temple
  3521 | Temple   | Became a worshipper of Gozag Ym Sagoz the Greedy
  4059 | D:5      | Entered Level 5 of the Dungeon
  4406 | D:5      | Found a radiant altar of Vehumet.
  4429 | D:5      | Reached XP level 9. HP: 63/69 MP: 16/16
  4494 | D:6      | Noticed Menkaure
  4502 | D:6      | Killed Menkaure
  4700 | D:6      | Noticed Grinder
  4709 | D:6      | Killed Grinder
  5027 | D:6      | Found an iron altar of Okawaru.
  5102 | D:6      | Learned a level 3 spell: Mephitic Cloud
  5112 | D:6      | Killed an unseen horror
  5473 | D:6      | Reached XP level 10. HP: 60/76 MP: 18/18
  5832 | D:7      | Found a runed translucent door.
  6098 | D:7      | Found a white marble altar of Elyvilon.
  6329 | D:7      | Noticed Froggeryz's ghost (novice MiBe)
  6652 | D:7      | Bought a cursed ring of attention for 45 gold pieces
  6680 | D:8      | Noticed Maggie
  6701 | D:8      | Killed Maggie
  6722 | D:8      | Reached skill level 9 in Polearms
  6924 | D:8      | Found Gechum's Jewellery Shoppe.
  6928 | D:8      | Bought a cursed amulet of inaccuracy for 26 gold pieces
  6931 | D:8      | Bought an uncursed ring of see invisible for 195 gold
                  | pieces
  7192 | D:8      | Reached skill level 5 in Hexes
  7192 | D:8      | Reached skill level 5 in Charms
  7192 | D:8      | Reached skill level 5 in Summonings
  7192 | D:8      | Reached skill level 5 in Necromancy
  7192 | D:8      | Reached skill level 5 in Translocations
  7192 | D:8      | Reached skill level 5 in Transmutations
  7192 | D:8      | Reached skill level 5 in Fire Magic
  7192 | D:8      | Reached skill level 5 in Ice Magic
  7192 | D:8      | Reached skill level 5 in Air Magic
  7192 | D:8      | Reached skill level 5 in Earth Magic
  7192 | D:8      | Reached skill level 5 in Poison Magic
  7207 | D:8      | Noticed Prince Ribbit
  7208 | D:8      | Noticed a two-headed ogre
  7229 | D:8      | Killed a two-headed ogre
  7234 | D:8      | Killed Prince Ribbit
  7835 | D:9      | Reached XP level 11. HP: 79/83 MP: 20/20
  7861 | D:9      | Learned a level 2 spell: Blink
  7864 | D:9      | Learned a level 2 spell: Slow
  8264 | D:9      | Found a shimmering blue altar of Sif Muna.
  8319 | D:9      | Found an ancient bone altar of Kikubaaqudgha.
  8725 | D:7      | Bought the ring "Amehuc" {Fire rElec rPois Str+4 Dex+4} for
                  | 600 gold pieces
  8817 | D:10     | Entered Level 10 of the Dungeon
  9909 | D:11     | Found a staircase to the Orcish Mines.
  9926 | D:11     | Found a roughly hewn altar of Beogh.
 10138 | D:11     | Noticed a two-headed ogre
 10138 | D:11     | Noticed a seven-headed hydra
 10154 | D:11     | Killed a two-headed ogre
 10166 | D:11     | Killed a seven-headed hydra
 10247 | D:11     | Found a staircase to the Lair.
 10291 | D:11     | Reached XP level 12. HP: 73/91 MP: 22/22
 10836 | D:11     | Noticed a two-headed ogre
 10852 | D:11     | Killed a two-headed ogre
 11563 | D:11     | HP: 1/92 [white ugly thing (27)]
 12440 | D:12     | Reached skill level 10 in Polearms
 12646 | D:12     | Identified the cursed +0 ring mail of Vlad {+Inv +Fly Str-4
                  | Stlth+}
 12825 | D:12     | Identified the +6 mace "Laba" {drain, Stlth+}
 13644 | D:12     | Found a glowing silver altar of Zin.
 13688 | D:12     | Found a burning altar of Makhleb.
 13688 | D:12     | Found a basalt altar of Yredelemnul.
 13688 | D:12     | Found a hide-covered altar of Uskayaw.
 13890 | D:12     | Noticed a yaktaur captain
 13941 | D:12     | Killed a yaktaur captain
 14452 | D:12     | Reached XP level 13. HP: 99/99 MP: 24/24
 14793 | D:12     | Bought a +1 pair of boots of stealth for 264 gold pieces
 14793 | D:12     | Bought a +2 kite shield of poison resistance for 296 gold
                  | pieces
 14951 | D:13     | Noticed a vault guard
 14989 | D:13     | Noticed an ogre mage
 15001 | D:13     | Paralysed by an ogre mage for 2 turns
 15009 | D:13     | Killed an ogre mage
 15040 | D:13     | Killed a vault guard
 15228 | D:13     | Noticed a vault guard
 15648 | D:13     | Killed a vault guard
 16161 | D:13     | Found a gate to the Vaults.
 16161 | D:13     | Noticed a vault guard
 16168 | D:13     | Noticed a vault guard
 16197 | D:13     | Killed a vault guard
 16205 | D:13     | Killed a vault guard
 16667 | D:13     | Noticed Maurice
 16719 | D:13     | Noticed Maurice
 16719 | D:13     | Maurice changed into Maurice the killer bee
 16724 | D:13     | Killed Maurice the killer bee
 17037 | D:12     | Bought a +2 helmet of intelligence for 344 gold pieces
 17906 | D:14     | Noticed Jorgrun
 17926 | D:14     | Killed from afar by Jorgrun

Illustrated notes

Levels and vault maps discovered:
D:1:      dpeg_arrival_orchard, layout_basic, minmay_misc_feat_plants
D:2:      layout_loops_ring, cheibriados_altar_1, first_ration,
          minmay_fractal_squares_gapless_5
D:3:      layout_loops_corners, yredelemnul_altar_generic, hangedman_ru_absence,
          ebering_ghost_reflecting_pool
D:4:      layout_cave_pools, nemelex_xobeh_ov_fountains_minmay,
          minmay_temple_entry_ruins, uniq_duvessa
D:5:      layout_basic, vehumet_statue
D:6:      layout_gridville, okawaru_ov_weapons_minmay, kb_lookout_dungeons_type,
          uniq_grinder, uniq_menkaure
D:7:      layout_layer_cave, serial_glass, glass_columns_b, glass_columns_b,
          hellmonk_ghost_happy_afterlife, grunt_ogre_cave, elyvilon_altar_5
D:8:      layout_basic, serial_shops, shop, enter_bailey_3, uniq_maggie,
          uniq_prince_ribbit1
D:9:      layout_loops_ring, kennysheep_mini_moat, lemuel_blue_sif_altar
D:10:     layout_basic
D:11:     layout_roguey, due_lair_maze_entry_diamond,
          minmay_orc_entry_temple_small
D:12:     minmay_the_grid_octo_tiled_squarecenter
          [minmay_the_grid_octo_checkered, minmay_the_grid_octo_77,
          minmay_the_grid_octo_horde, minmay_the_grid_octo_shrine,
          minmay_the_grid_square_5x5_megaprize_crossed,
          minmay_the_grid_square_5x5_percent,
          minmay_the_grid_square_5x5_half_checkered,
          minmay_the_grid_square_5x5_fat_x, minmay_the_grid_square_5x5_detours],
          layout_rooms
D:13:     layout_roguey, grunt_vaults_entry_fortified, gauntlet_entry_generic,
          uniq_maurice
D:14:     layout_cave_pods, minmay_holes, uniq_jorgrun, uniq_josephine,
          uniq_nessos
Temple:   eino_narrow_crystal_temple

Skill      XL: |  1  2  3  4  5  6  7  8  9 10 11 12 13 |
---------------+----------------------------------------+-----
Invocations    | 1 2 5 6 7 8 9 |  9.5
Short Blades   | 1 2 5 6 7 8 |  8.7
Long Blades    | 1 2 5 6 7 8 |  8.7
Axes           | 1 2 5 6 7 8 |  8.7
Maces & Flails | 1 2 5 6 7 8 |  8.7
Staves         | 1 2 5 6 7 8 |  8.7
Slings         | 1 2 5 6 7 8 |  8.7
Bows           | 1 2 5 6 7 8 |  8.7
Crossbows      | 1 2 5 6 7 8 |  8.7
Throwing       | 1 2 5 6 7 8 |  8.7
Armour         | 1 2 5 6 7 8 |  8.7
Dodging        | 1 2 5 6 7 8 |  8.7
Shields        | 1 2 5 6 7 8 |  8.7
Unarmed Combat | 1 2 5 6 7 8 |  8.7
Spellcasting   | 1 2 5 6 7 8 |  8.7
Hexes          | 1 4 5 6 7 |  7.2
Charms         | 1 4 5 6 7 |  7.2
Summonings     | 1 4 5 6 7 |  7.2
Necromancy     | 1 4 5 6 7 |  7.2
Translocations | 1 4 5 6 7 |  7.2
Transmutations | 1 4 5 6 7 |  7.2
Fire Magic     | 1 4 5 6 7 |  7.2
Ice Magic      | 1 4 5 6 7 |  7.2
Air Magic      | 1 4 5 6 7 |  7.2
Earth Magic    | 1 4 5 6 7 |  7.2
Poison Magic   | 1 4 5 6 7 |  7.2
Fighting       | 3 5 6 7 8 9 |  9.1
Stealth        | 3 5 6 7 8 9 |  9.1
Evocations     | 5 6 7 8 9 |  9.8
Polearms       | 8 9 10 | 10.8
Conjurations   | 7 8 9 |  9.2

Action                   |  1- 3 |  4- 6 |  7- 9 | 10-12 | 13-15 || total
-------------------------+-------+-------+-------+-------+-------++-------
Melee: Spear             |    99 |    39 |       |       |       ||   138
       Bite              |     4 |    32 |    91 |   299 |    68 ||   494
       Hand axe          |       |   203 |   429 |  1217 |       ||  1849
       Punch             |       |     1 |     1 |       |       ||     2
       Flail             |       |       |       |     6 |       ||     6
       Trident           |       |       |       |   103 |       ||   103
       Falchion          |       |       |       |    17 |    31 ||    48
       Broad axe         |       |       |       |     6 |   269 ||   275
Throw: Boomerang         |       |    24 |       |       |       ||    24
       Stone             |       |       |     1 |       |       ||     1
       Dart              |       |       |       |    64 |    91 ||   155
       Throwing net      |       |       |       |     1 |       ||     1
 Cast: Mephitic Cloud    |       |       |     2 |       |       ||     2
Invok: Call Merchant     |       |       |       |     1 |     1 ||     2
       Potion Petition   |       |       |       |       |     1 ||     1
Evoke: Wand              |       |       |     8 |    18 |     8 ||    34
  Use: Scroll            |       |     9 |     7 |    12 |     6 ||    34
       Potion            |       |       |     3 |     7 |     2 ||    12
 Stab: Sleeping          |     7 |       |     1 |    14 |     8 ||    30
       Distracted        |       |       |     2 |     6 |     4 ||    12
       Held in net/web   |       |       |       |     3 |       ||     3
       Invisible         |       |       |       |       |     2 ||     2
  Eat: Chunk             |       |     7 |     1 |       |       ||     8
       Ration            |       |       |     4 |    10 |     4 ||    18
Armor: Chain mail        |    16 |   161 |   120 |       |       ||   297
       Leather armour    |     1 |       |       |       |       ||     1
       Ring mail         |       |       |    16 |   237 |   115 ||   368
Dodge: Dodged            |    16 |    89 |   164 |   646 |   173 ||  1088
Block: Buckler           |       |       |    84 |   629 |    33 ||   746
       Reflection        |       |       |       |    15 |    32 ||    47
       Kite shield       |       |       |       |       |   333 ||   333
       Rpst.: Falchion   |       |       |       |     3 |     4 ||     7
